Map: Inside and Out

Players

Reynor - Winner!

  • Race: Zerg Zerg
  • League: Master
  • Spawn Location: 1:00

trigger

  • Race: Protoss Protoss
  • League: Grandmaster
  • Spawn Location: 7:00

Event: HomeStory Cup XXII

VOD

Have the link to the VOD?

Description

Time

  • Played on: Dec. 16, 2022, 4:25 p.m.
  • Length: 12:57

All games in this series

Show
View Real Time Build Order
Export as new Build Order

Reynor Zerg - Winner!

Build Orders: Hatch First 

Get SALT Encoding   

  12  0:00  Drone  
  13  0:12  Overlord  
  13  0:16  Drone  
  14  0:30  Drone x2  
  16  0:43  Drone  
  17  0:51  Hatchery  
  17  0:55  Drone  
  17  1:00  Drone  
  18  1:09  Extractor  
  17  1:14  Spawning Pool  
  17  1:16  Drone  
  17  1:20  Drone  
  18  1:27  Drone  
  19  1:38  Drone  
  20  1:48  Overlord  
  20  2:01  Queen  
  20  2:03  Queen  
  20  2:04  Zergling x4  
  26  2:12  Zergling x2  
  26  2:14  Metabolic Boost  
  28  2:15  Zergling x2  
  28  2:21  Zergling x2  
  29  2:26  Zergling x2  
  30  2:39  Hatchery  
  30  2:40  Zergling x2  
  30  2:42  Zergling x2  
  31  2:45  Zergling x2  
  31  2:51  Overlord  
  32  3:09  Zergling x8  
  36  3:16  Overlord  
  36  3:21  Drone x3  
  36  3:24  Drone  
  37  3:29  Drone  
  35  3:34  Drone  
  35  3:36  Queen  
  37  3:42  Drone  
  37  3:44  Drone x2  
  37  3:45  Drone  
  37  3:46  Drone  
  42  3:53  Drone x2  
  42  3:55  Drone x2  
  46  3:56  Drone  
  46  3:58  Drone  
  46  4:02  Zergling x2  
  49  4:08  Drone  
  49  4:11  Zergling x2, Roach Warren  
  49  4:14  Zergling x4  
  51  4:19  Zergling x2  
  51  4:23  Zergling x2  
  53  4:24  Overlord  
  50  4:34  Overlord  
  50  4:35  Zergling x8  
  54  4:41  Overlord  
  54  4:51  Roach x5  
  64  4:53  Roach  
  64  4:54  Zergling x2  
  64  4:56  Queen  
  71  5:00  Drone x3  
  71  5:03  Overlord  
  71  5:06  Drone  
  73  5:09  Spore Crawler  
  73  5:12  Spore Crawler, Drone  
  72  5:20  Roach x2  
  76  5:24  Queen  
  76  5:26  Drone  
  76  5:28  Roach  
  81  5:29  Zergling x2  
  81  5:31  Overlord  
  81  5:34  Drone  
  82  5:39  Extractor  
  82  5:40  Drone  
  82  5:42  Drone  
  82  5:45  Drone  
  84  5:50  Drone  
  84  5:53  Drone  
  84  5:56  Drone  
  86  5:59  Lair  
  86  6:01  Drone  
  87  6:04  Drone  
  87  6:07  Evolution Chamber  
  87  6:08  Extractor x2  
  87  6:09  Drone x4  
  87  6:12  Overlord  
  87  6:16  Drone  
  88  6:18  Drone  
  88  6:19  Hatchery  
  88  6:22  Overlord  
  88  6:24  Drone x3  
  90  6:26  Drone  
  90  6:27  Drone x2  
  90  6:29  Drone  
  90  6:30  Drone  
  90  6:32  Extractor  
  93  6:35  Drone  
  93  6:36  Extractor  
  93  6:37  Drone  
  93  6:39  Zerg Melee Weapons Level 1  
  93  6:41  Overlord  
  93  6:44  Drone  
  93  6:45  Baneling Nest  
  93  6:46  Drone x2  
  95  6:48  Roach x2  
  95  6:53  Roach x3  
  105  6:57  Drone  
  105  6:59  Overlord  
  105  7:03  Drone x2  
  105  7:05  Drone x2  
  105  7:08  Drone  
  110  7:14  Overlord  
  110  7:15  Drone  
  111  7:17  Overlord  
  111  7:22  Zergling x6  
  113  7:27  Roach  
  113  7:28  Roach  
  113  7:29  Ravager x3  
  120  7:32  Overlord  
  120  7:34  Centrifugal Hooks  
  120  7:36  Zergling x2, Roach x3  
  127  7:41  Zergling x10  
  127  7:43  Overlord  
  131  7:45  Zergling x2  
  131  7:49  Zergling x2  
  131  7:51  Zergling x8  
  137  7:54  Zergling x2  
  138  8:00  Ravager x2  
  138  8:01  Overlord  
  138  8:02  Zergling x4  
  138  8:03  Zergling x2  
  143  8:07  Ravager  
  143  8:08  Zergling x8  
  148  8:13  Zergling x2  
  148  8:19  Zergling x6  
  151  8:20  Ravager x2  
  151  8:21  Baneling x16  
  151  8:22  Zergling x6  
  151  8:25  Zergling x4  
  151  8:26  Zergling x2  
  159  8:30  Roach  
  157  8:35  Zerg Melee Weapons Level 2  
  157  8:38  Zergling x6  
  157  8:40  Overlord  
  147  8:48  Zergling x14  
  147  8:50  Overlord  
  147  8:52  Zergling x4  
  147  8:53  Zergling x6  
  156  8:56  Zergling x2  
  156  9:00  Queen  
  156  9:01  Zergling x4  
  157  9:07  Zergling x4  
  157  9:09  Zergling x2  
  153  9:12  Zergling x2  
  153  9:15  Zergling x2  
  151  9:20  Zergling x8  
  151  9:23  Zergling x2  
  156  9:26  Zergling x4  
  156  9:27  Baneling x7  
  156  9:29  Zergling x2  
  159  9:32  Ravager  
  159  9:33  Ravager  
  159  9:35  Zergling x2  
  159  9:36  Zergling x8  
  159  9:37  Hatchery  
  165  9:40  Zergling x2  
  165  9:42  Zergling x2  
  165  9:44  Overlord  
  167  9:46  Overlord  
  167  9:48  Zergling x6  
  167  9:50  Zergling x2  
  171  9:53  Zergling x8  
  171  9:56  Overlord  
  174  10:03  Zergling x14  
  174  10:06  Baneling x5  
  174  10:07  Baneling x20  
  179  10:10  Ravager x4  
  179  10:11  Zergling x4  
  179  10:12  Zergling x2  
  185  10:14  Overseer  
  185  10:17  Zergling x8  
  189  10:27  Zergling x20  
  192  10:30  Zergling x6  
  192  10:35  Zergling x6  
  197  10:36  Zergling x2  
  195  10:44  Zergling x10  
  195  10:46  Zergling x2  
  195  10:51  Zergling x8  
  195  10:55  Zergling x10  
  195  10:56  Zergling x4  
  195  10:57  Zergling x2  
  190  11:03  Zergling x4  
  169  11:05  Zergling x2  
  160  11:11  Zergling x2  
  160  11:12  Zergling x10  
  160  11:18  Zergling x4  
  163  11:19  Zergling x4  
  163  11:20  Zergling x2  
  163  11:22  Zergling x4  
  162  11:26  Zergling x8  
  162  11:27  Zergling x2  
Show
View Real Time Build Order
Export as new Build Order

trigger Protoss 

Build Orders: 1 Gate Expand, Mass Adepts 

Get SALT Encoding   

  12  0:00  Probe  
  13  0:12  Probe  
  14  0:17  Pylon  
  14  0:24  Probe (Chrono Boost)  
  15  0:36  Probe (Chrono Boost)  
  15  0:42  Gateway  
  16  0:44  Probe (Chrono Boost)  
  16  0:47  Assimilator  
  17  0:51  Probe  
  18  1:03  Probe  
  19  1:15  Probe  
  20  1:24  Nexus  
  20  1:34  Cybernetics Core  
  20  1:37  Probe  
  21  1:44  Assimilator  
  21  1:49  Probe  
  21  1:51  Pylon  
  22  2:01  Probe  
  22  2:08  Adept (Chrono Boost), Warp Gate (Chrono Boost)  
  23  2:13  Probe  
  26  2:21  Gateway  
  26  2:26  Probe  
  26  2:28  Adept (Chrono Boost)  
  27  2:36  Probe  
  30  2:38  Probe  
  31  2:44  Gateway  
  31  2:48  Probe (Chrono Boost)  
  31  2:51  Adept  
  35  2:59  Probe (Chrono Boost)  
  35  3:00  Probe (Chrono Boost)  
  35  3:02  Twilight Council  
  36  3:09  Probe x2 (Chrono Boost)  
  38  3:19  Pylon  
  38  3:22  Pylon  
  38  3:29  Probe  
  38  3:30  Probe  
  35  3:40  Resonating Glaives (Chrono Boost)  
  35  3:41  Probe  
  37  3:50  Adept x2  
  37  3:55  Adept  
  42  3:59  Probe  
  42  4:00  Probe  
  44  4:11  Adept x2, Probe  
  49  4:19  Stalker  
  49  4:20  Probe  
  49  4:23  Probe  
  53  4:25  Pylon  
  51  4:33  Probe  
  51  4:35  Probe  
  53  4:45  Probe  
  54  4:46  Adept x3  
  54  4:48  Probe  
  61  4:59  Nexus  
  61  5:00  Pylon  
  61  5:01  Probe  
  62  5:08  Forge  
  62  5:18  Probe  
  62  5:19  Probe  
  62  5:21  Assimilator  
  64  5:22  Sentry x2  
  64  5:23  Shield Battery, Assimilator  
  64  5:25  Pylon  
  68  5:30  Blink  
  68  5:31  Adept  
  70  5:36  Probe  
  70  5:43  Probe (Chrono Boost)  
  70  5:45  Protoss Ground Weapons Level 1  
  72  5:51  Stalker  
  72  5:54  Probe (Chrono Boost)  
  72  5:55  Probe (Chrono Boost)  
  75  5:58  Pylon  
  75  6:00  Probe (Chrono Boost)  
  75  6:02  Probe (Chrono Boost)  
  77  6:12  Probe x2 (Chrono Boost), Stalker x2  
  84  6:18  Probe (Chrono Boost)  
  84  6:19  Stalker  
  84  6:20  Robotics Facility  
  84  6:21  Probe (Chrono Boost)  
  85  6:27  Probe (Chrono Boost)  
  85  6:30  Pylon  
  85  6:32  Pylon x2  
  87  6:35  Probe (Chrono Boost)  
  87  6:37  Probe (Chrono Boost)  
  89  6:44  Probe (Chrono Boost)  
  90  6:47  Probe x2 (Chrono Boost), Stalker  
  90  6:49  Stalker  
  90  6:52  Probe  
  90  6:53  Gateway  
  96  6:57  Probe  
  95  7:02  Probe  
  95  7:07  Observer (Chrono Boost)  
  97  7:09  Gateway  
  97  7:12  Stalker  
  97  7:13  Gateway, Stalker  
  97  7:14  Gateway  
  101  7:20  Pylon  
  101  7:21  Warp Prism (Chrono Boost), Stalker  
  103  7:28  Assimilator  
  105  7:35  Stalker  
  107  7:40  Stalker  
  107  7:43  Probe  
  110  7:44  Pylon  
  110  7:48  Stalker x2, Protoss Ground Weapons Level 2 (Chrono Boost)  
  114  7:54  Pylon  
  114  8:07  Stalker x4  
  114  8:10  Pylon  
  122  8:19  Stalker x3  
  124  8:28  Pylon  
  124  8:32  Stalker x4  
  132  8:42  Stalker x3  
  130  8:55  Stalker x4  
  122  9:07  Stalker x3  
  114  9:22  Stalker x6  
  114  9:23  Stalker  
  126  9:32  Pylon  
  126  9:33  Pylon  
  126  9:48  Stalker x6  
  137  9:56  Stalker  
  139  10:13  Stalker x6  
  151  10:24  Stalker  
  153  10:31  Nexus  
  153  10:32  Pylon  
  152  10:37  Stalker x5  
  161  10:46  Zealot  
  119  10:58  Zealot  
  89  11:09  Stalker x3  
  89  11:10  Stalker x3  
  65  11:19  Sentry  
Tags
 
Add a new tag
Caveats
  • Supply blocks, unpowered buildings, or Contaminate may cause inaccurate times.
  • Supply counts are checked every 10 seconds.